 Dungeon Crawl Stone Soup version 0.30-a0-702-gdf48620a09 (webtiles) character file.

Game seed: 12282666687281363849

219 zinnoa the Magician (level 6, -3/45 HPs)
             Began as a Djinni Warper on Jan 22, 2023.
             Slain by a mummy (10 damage)
             ... on level 4 of the Dungeon.
             The game lasted 00:19:30 (3922 turns).

zinnoa the Magician (Djinni Warper)                 Turns: 3922, Time: 00:19:31

Health: -3/45      AC:  6    Str: 12    XL:     6   Next: 17%
Gold:   217        EV: 12    Int: 15    God:
                   SH:  0    Dex: 12

rFire   + + .      SeeInvis .    o - +1 dagger (venom)
rCold   x . .      Faith    .    (no shield)
rNeg    . . .      Spirit   .    b - +0 leather armour
rPois   ∞          Reflect  .    r - +0 helmet
rElec   .          Harm     .    k - +1 cloak
rCorr   .          Rampage  .    (no gloves)
Will    .....                    (boots unavailable)
Stlth   +                        (no amulet)
HPRegen 0.27/turn                (no ring)
MPRegen 0.00/turn                (no ring)

@: flying, very slightly contaminated
A: sickness immunity, fire resistance 2, cold vulnerability 1, float, innate
caster, HP casting, extra vitality 1
a: no special abilities


You were on level 4 of the Dungeon.
You visited 1 branch of the dungeon, and saw 4 of its levels.

You collected 217 gold pieces.

Inventory:

Hand Weapons
 a - a +0 falchion
 o - a +1 dagger of venom (weapon)
 u - a +0 short sword of speed
Missiles
 d - 7 boomerangs of dispersal (quivered)
Armour
 b - a +0 leather armour (worn)
 g - a +0 ring mail
 k - a +1 cloak (worn)
 r - a +0 helmet (worn)
Scrolls
 c - 2 scrolls of blinking
 e - a scroll of fog {unknown}
 f - 4 scrolls of identify {unknown}
 h - a scroll of magic mapping {unknown}
 l - a scroll of brand weapon {unknown}
 m - 2 scrolls of teleportation {unknown}
 n - 2 scrolls of silence {unknown}
 p - a scroll of immolation {unknown}
 q - 2 scrolls of enchant weapon {unknown}
 s - a scroll of poison {unknown}
Potions
 i - a potion of lignification
 j - a potion of cancellation
 t - a potion of resistance
 v - 2 potions of flight {unknown}
 w - a potion of degeneration {unknown}


   Skills:
 + Level 2.9 Fighting
 + Level 1.7(2.4) Short Blades
 + Level 2.5(2.8) Long Blades
 + Level 0.7 Throwing
 + Level 2.4 Armour
 + Level 3.0 Dodging
 + Level 0.1 Stealth
 + Level 3.2 Spellcasting


You couldn't memorise any spells.
You knew the following spells:

 Your Spells              Type           Power      Damage    Failure   Level
a - Blink                 Tloc           24%        N/A       10%         2
b - Lesser Beckoning      Tloc           24%        N/A       10%         2
c - Vhi's Electric Charg  Tloc/Air       24%        N/A       21%         3
d - Teleport Other        Tloc           12%        N/A       21%         3
e - Manifold Assault      Tloc           12%        N/A       54%         4
f - Magic Dart            Conj           48%        1d5       7%          1
g - Static Discharge      Conj/Air       24%        2-3/arc   10%         2
Your spell library was empty.

Dungeon Overview and Level Annotations

Branches:
Dungeon (4/15)
 Temple: D:4-7

Altars:
Ashenzari
Cheibriados
Wu Jian

Annotations:
D:2 1 exclusion
D:3 1 exclusion


Innate Abilities, Weirdness & Mutations

You are immune to sickness and miasma.
You are immune to poison.
Your flesh is very heat resistant. (rF++)
You are vulnerable to cold. (rC-)
You float through the air rather than walking.
You learn spells naturally, not from books.
Your magical power is your life essence.
You have superior vitality. (+4 MHP)


Message History

HP restored.
You see here a +0 pair of boots.
You see here a book of Displacement.
You see here a +0 pair of boots.
You now have 217 gold pieces (gained 19).
Items here: ( )) [[.
Found a snail-covered altar of Cheibriados.
Found an escape hatch in the ceiling.
Press: ? - help, v - describe, . - travel
Here: a mummy (fire blocked by a translucent rock wall)
The floor.
As you open the door, it creaks loudly! The mummy hits you!
There is an open door here.
You hit the mummy but do no damage. The mummy hits you!
You closely miss the mummy.
Casting: Static Discharge (safe; 10% risk of failure)
Confirm with . or Enter, or press ? or * to list all spells.
The mummy is struck by an arc of lightning.
The mummy is lightly damaged.
You are struck by an arc of lightning.
The mummy is struck by an arc of lightning.
The mummy is moderately damaged.
The lightning grounds out.
The mummy hits you.
Casting: Static Discharge (safe; 10% risk of failure)
Confirm with . or Enter, or press ? or * to list all spells.
The mummy is struck by an arc of lightning.
The mummy is moderately damaged.
You are struck by an arc of lightning.
* * * LOW HITPOINT WARNING * * *
The lightning grounds out.
* * * LOW HITPOINT WARNING * * *
Casting: Static Discharge (safe; 10% risk of failure)
Confirm with . or Enter, or press ? or * to list all spells.
You miscast Blink.
You are very lightly contaminated with residual magic.
Nothing appears to happen.
* * * LOW HITPOINT WARNING * * *
The mummy hits you!
You die...

#######.#########
#.## #..##
#...#####
#.........
#.#######.
##.#.....##
##...#####.#
#...##@._#.#
#)..#.#M<#.#
#.##)#[#.####.#
##....#.##....##
........:######
######.#........
#.....#####
#######


You could see a mummy.

Vanquished Creatures
  An orc priest (D:3)
  An iguana (D:4)
  An orc wizard (D:4)
  A gnoll (D:3)
  2 adders (D:3)
  2 dart slugs
  11 orcs
  6 ball pythons
  7 bats
  6 endoplasms
  5 giant cockroaches
  5 goblins
  13 hobgoblins
  4 jackals (D:4)
  6 kobolds
  7 quokkas
  4 frilled lizards (D:3)
  10 rats
92 creatures vanquished.

Notes
Turn   | Place    | Note
-------+----------+-------------------------------------------
     0 | D:1      | zinnoa the Djinni Warper began the quest for the Orb.
     0 | D:1      | zinnoa set off with the following spells memorised: Blink,
                  | Lesser Beckoning, Vhi's Electric Charge, Teleport Other,
                  | Manifold Assault.
     0 | D:1      | Reached XP level 1. HP: 18/18 MP: 0/0
   192 | D:1      | Reached XP level 2. HP: 23/23 MP: 0/0
   530 | D:1      | Reached XP level 3. HP: 24/29 MP: 0/0
   530 | D:1      | Learned a level 1 spell: Magic Dart
  1589 | D:2      | Found a faded altar of an unknown god.
  2044 | D:3      | Found a broken altar of Ashenzari.
  2112 | D:3      | Reached XP level 4. HP: 31/34 MP: 0/0
  2475 | D:3      | Reached XP level 5. HP: 9/39 MP: 0/0
  2475 | D:3      | Learned a level 2 spell: Static Discharge
  2784 | D:3      | Reached skill level 1 in Short Blades
  2979 | D:3      | Found an ornate altar of the Wu Jian Council.
  3757 | D:4      | Reached XP level 6. HP: 35/45 MP: 0/0
  3914 | D:4      | Found a snail-covered altar of Cheibriados.
  3922 | D:4      | Slain by a mummy

Illustrated notes

Levels and vault maps discovered:
D:1:      saegor_arrival_simple_b, layout_basic
D:2:      mumra_celtic_spiral_tile, layout_basic, ebering_ecumenical_altar_box
D:3:      minmay_chambers_of_threes, layout_loops_ring, lemuel_doored_altar,
          mainiacjoe_overflow_concentric_impassable, minmay_quadrilaterals
D:4:      layout_loops_ring, chei_slow_surprise

Skill      XL: |  1  2  3  4  5 |
---------------+----------------+-----
Long Blades    | 2 |  2.5
Spellcasting   | 3 |  3.2
Dodging        | 3 |  3.0
Short Blades   | 1 |  1.7
Armour         | 2 |  2.4
Fighting       | |  2.9
Throwing       | |  0.7
Stealth        | |  0.1

Action                   |  1- 3 |  4- 6 || total
-------------------------+-------+-------++-------
Melee: Falchion          |    95 |       ||    95
       Dagger            |     7 |    99 ||   106
       Punch             |     1 |       ||     1
       Short sword       |       |    17 ||    17
 Cast: Blink             |     3 |     2 ||     5
       Lesser Beckoning  |     1 |       ||     1
       Magic Dart        |    36 |    93 ||   129
       Vhi's Electric Ch |       |     3 ||     3
       Static Discharge  |       |     8 ||     8
  Use: Potion            |       |     3 ||     3
Armor: Leather armour    |    31 |    49 ||    80
Dodge: Dodged            |    73 |    79 ||   152

Table legend: (Time is in decaauts)
 A = Elapsed time spent in this place.
 B = Non-inter-level travel time spent in this place.
 C = Inter-level travel time spent in this place.
 D = Time resting spent in this place.
 E = Time spent auto-exploring this place.
 F = Levels seen in this place.
 G = Mean time per level.
                   A        B        C        D        E       F      G
               +--------+--------+--------+--------+--------+-----+--------+
         Total |   3922 |   3891 |     31 |    703 |   2371 |   4 |  980.5 |
       Dungeon |   3922 |   3891 |     31 |    703 |   2371 |   4 |  980.5 |
               +--------+--------+--------+--------+--------+-----+--------+

Top non-repeatable levels by time:
     D:3: 1444 daAuts
     D:1: 1062 daAuts
     D:2: 957 daAuts
     D:4: 457 daAuts
